 Dungeon Crawl Stone Soup version 0.25.1-2-g60ff931df9 (webtiles) character file.

Game seed: 4452658801673573598

7 Artemis the Digger (level 2, 0/15 HPs)
             Began as a Gargoyle Earth Elementalist on Sept 10, 2020.
             Slain by a leopard gecko (4 damage)
             ... on level 1 of the Dungeon.
             The game lasted 00:01:27 (113 turns).

Artemis the Digger (Gargoyle Earth Elementalist)     Turns: 113, Time: 00:01:27

Health: 0/15       AC:  4    Str: 11    XL:     2   Next: 4%
Magic:  5/5        EV: 12    Int: 15    God:
Gold:   0          SH:  0    Dex: 10    Spells: 4/5 levels left

rFire    . . .     SeeInvis .   (no weapon)
rCold    . . .     Gourm    .   (no shield)
rNeg     + . .     Faith    .   c - +0 robe
rPois    ∞         Spirit   .   (no helmet)
rElec    +         Reflect  .   (no cloak)
rCorr    .         Harm     .   (no gloves)
MR       .....                  (no boots)
Stlth    ++........             (no amulet)
HPRegen  0.05/turn              (no ring)
MPRegen  0.09/turn              (no ring)

@: no status effects
A: negative energy resistance 1, electricity resistance, unbreathing,
petrification resistance, rot immunity, AC +2
a: no special abilities


You were on level 1 of the Dungeon.
You were not hungry.

You visited 1 branch of the dungeon, and saw 1 of its levels.

Inventory:

Missiles
 b - 27 stones (quivered)
Armour
 c - a +0 robe (worn)
Jewellery
 e - an uncursed ring of wizardry
Potions
 a - a potion of stabbing {unknown}
Comestibles
 d - a ration
 f - 3 chunks of flesh


   Skills:
 + Level 1.7 Dodging
 + Level 2.2 Stealth
 + Level 2.0 Spellcasting
   Level 0.7 Transmutations
 + Level 4.1 Earth Magic


You had 4 spell levels left.
You knew the following spells:

 Your Spells              Type           Power        Failure   Level  Hunger
a - Sandblast             Erth           ##....       4%          1    #......

Your spell library contained the following spells:

 Spells                   Type           Power        Failure   Level  Hunger
 Passwall                 Tmut/Erth      #.......     12%         2    ###....
 Stone Arrow              Conj/Erth      #.....       28%         3    ###....
 Petrify                  Tmut/Erth      #.......     63%         4    #####..
 Lee's Rapid Deconstruct  Erth           ##........   75%         5    ######.


Dungeon Overview and Level Annotations

Branches:
Dungeon (1/15)

Altars:


Innate Abilities, Weirdness & Mutations

You are resistant to torment.
Your stone body is resilient. (AC +2)
You are immune to poison.
You resist negative energy. (rN+)
You are resistant to electric shocks. (rElec)
You can survive without breathing.
You are immune to petrification.
You are immune to rotting.


Message History

Your Earth Magic skill increases to level 4!
You have reached level 2!
b - 27 stones
e - an uncursed ring of wizardry You see here a goblin corpse.
You butcher the goblin corpse.
f - 3 chunks of flesh You see here a goblin skeleton.
You see here a goblin skeleton.
You start resting.
Magic restored.
You start resting.
A leopard gecko comes into view.
The leopard gecko hisses angrily.
You barely miss the leopard gecko. The leopard gecko bites you.
* * * LOW HITPOINT WARNING * * *
You hit the leopard gecko.
The leopard gecko is moderately wounded.
The leopard gecko bites you.
You die...

#.....#+###
#.##≈PP≈≈♣♣♣≈≈..≈#
##.#...†...#
#.##≈♣P≈≈♣.♣≈≈♣P≈#
...........#
#.##≈♣P≈≈P..≈≈PP≈#
.#.........#
#.##≈.♣≈≈≈≈≈≈≈♣.≈##
#.####....#
#.##≈..≈.....≈P.≈#.
#....###..#≈≈≈≈.###.≈≈≈≈#.
#.>...l.#.'.....#§#.....'.
##+##.#.#l#≈≈≈≈.###.≈≈≈≈#.
#.#÷#@#≈PP≈.....≈P.≈#.
..#.#.#≈♣♣≈≈≈≈≈≈≈♣P≈##
####.#.#≈PP≈≈P..≈≈P♣≈#
#.#.#≈♣P≈≈♣P.≈≈♣♣≈#
#.#.#≈♣P≈≈P♣♣≈≈♣P≈#
#...#≈P.≈≈P♣P≈≈P♣≈#
#####≈♣♣≈≈P .≈≈♣.≈ #≈
♣≈≈PP ≈≈P.≈


You could see a leopard gecko.

Vanquished Creatures
  A dart slug (D:1)
  2 goblins (D:1)
  A kobold (D:1)
  A rat (D:1)
5 creatures vanquished.

Notes
Turn   | Place    | Note
-------+----------+-------------------------------------------
     0 | D:1      | Artemis the Gargoyle Earth Elementalist began the quest for
                  | the Orb.
     0 | D:1      | Reached XP level 1. HP: 10/10 MP: 3/3
    60 | D:1      | Reached skill level 4 in Earth Magic
    60 | D:1      | Reached XP level 2. HP: 2/15 MP: 1/5
   113 | D:1      | Slain by a leopard gecko

Illustrated notes

Levels and vault maps discovered:
D:1:      lightli_arrival_farm, layout_basic

Skill      XL: |  1 |
---------------+----+-----
Earth Magic    | 4 |  4.1
Dodging        | |  1.7
Stealth        | |  2.2
Spellcasting   | |  2.0
Transmutations | |  0.7

Action                   || total
-------------------------++-------
Melee: Unarmed           ||    14
 Cast: Sandblast         ||     3
Armor: Robe              ||     2
Dodge: Dodged            ||     9
